 Dungeon Crawl Stone Soup version 0.31-a0-844-gdc52ec4e09 (webtiles) character file.

Game seed: 13989477438640139870

75 lonewolfV2 the Shield-Bearer (level 4, -1/37 HPs)
             Began as a Formicid Fighter on Sept 28, 2023.
             Slain by a crimson imp (2 damage)
             ... on level 3 of the Dungeon.
             The game lasted 00:02:38 (1597 turns).

lonewolfV2 the Shield-Bearer (Formicid Fighter)     Turns: 1597, Time: 00:02:38

Health: -1/37      AC:  7    Str: 22    XL:     4   Next: 55%
Magic:  0/4        EV:  9    Int:  8    God:
Gold:   810        SH:  5    Dex: 13    Spells: 3/3 levels left

rFire   . . .        a - +0 war axe (heavy)
rCold   . . .        c - +0 buckler
rNeg    . . .        b - +0 scale mail
rPois   .            (helmet unavailable)
rElec   .            (no cloak)
rCorr   .            (no gloves)
SInv    +            (no boots)
Will    .....        g - amulet of guardian spirit Stlth
                     (no ring)
HPRegen 0.26/turn    (no ring)
MPRegen 0.09/turn

%: guardian spirit
@: no status effects
A: permanent stasis, dig shafts and tunnels, antennae 3, four strong arms
a: Dig, Shaft Self


You were on level 3 of the Dungeon.
You visited 1 branch of the dungeon, and saw 3 of its levels.

You collected 810 gold pieces.

Inventory:

Hand Weapons
 a - a +0 heavy war axe (weapon)
Missiles
 i - 2 throwing nets
Armour
 b - a +0 scale mail (worn)
 c - a +0 buckler (worn)
Jewellery
 g - an amulet of guardian spirit (around neck)
Talismans
 e - a maw talisman
Scrolls
 h - a scroll of blinking
 k - a scroll of noise {unknown}
Potions
 d - a potion of might
 f - 3 potions of heal wounds
 j - a potion of curing {unknown}


   Skills:
 + Level 3.9 Fighting
 + Level 3.1 Axes
 + Level 3.9 Armour
 + Level 0.2 Dodging
 + Level 4.3 Shields


You had 3 spell levels left.
You didn't know any spells.
Your spell library contained the following spells:

 Spells                   Type           Power      Damage    Failure   Level
 Ignite Poison            Fire/Tmut/Pois 0%         N/A       99%         3
 Sticky Flame             Conj/Fire      0%         2d3       100%        4
 Ignition                 Fire           0%         3d3       100%        8


Dungeon Overview and Level Annotations

Branches:
Dungeon (3/15)

Altars:
Xom


Innate Abilities, Weirdness & Mutations

You cannot be hasted, slowed, berserked, paralysed or teleported.
You can dig through walls and to a lower floor.
You have a pair of large antennae on your head. (SInv)
Your four strong arms can wield two-handed weapons with a shield.


Message History

You see here a ball python corpse.
You sense a monster nearby.
You sense a monster nearby.
You open the door.
Found 2 poisoned darts.
Found a shimmering altar of Xom. 2 crimson imps come into view.
A crimson imp is wielding a +3 dagger of chaos.
The crimson imp shouts! x2; You hear a shout!
The teleport trap disappears.
The crimson imp disappears!
The crimson imp enters a dispersal trap!
The crimson imp blinks! x2; You feel a strange sense of stasis.
The crimson imp blinks! x2
The crimson imp enters a dispersal trap!
The crimson imp blinks!
You feel a strange sense of stasis.
The crimson imp blinks!
The crimson imp moves out of view.
The crimson imp shouts!
There is an open door here.
There are monsters nearby!
You block the crimson imp's attack. The crimson imp misses you.
You begin untransforming.
You continue untransforming.
The crimson imp hits you. The crimson imp closely misses you.
You continue untransforming.
The crimson imp blinks!
You block the crimson imp's attack.
You continue untransforming.
The crimson imp closely misses you. The crimson imp hits you.
Your transformation has ended.
Your +0 scale mail unmelds from your body.
The crimson imp misses you. The crimson imp barely misses you.
You closely miss the crimson imp. You hit the crimson imp.
The crimson imp barely misses you.
The crimson imp hits you but does no damage. x2
The crimson imp barely misses you.
You barely miss the crimson imp. You slash the crimson imp!
You block the crimson imp's attack. x2; The crimson imp closely misses you.
The crimson imp hits you.
* * * LOW HITPOINT WARNING * * *
You barely miss the crimson imp. You slice the crimson imp!!
You kill the crimson imp!
The crimson imp closely misses you. The crimson imp hits you.
You die...

..#.### ......
.... #.#.#
....# ###+###
#.### ,^.(.^ #
# ###._.### #
#..#.....^.# #
#..##..####@#
### #..
#..#.##5# #..
... #..#...5#
#.# #.#
#..#.#### #.#
#.# #..#.#
#.####.# #..#.#
#<#....###..#.#
#...........#.#
...†..####.##.#


You could see 2 crimson imps.

Vanquished Creatures
  A crimson imp (D:3)
  Terence (D:2)
  A worm (D:2)
  4 endoplasms
  3 giant cockroaches
  4 goblins
  5 hobgoblins
  7 jackals
  A quokka (D:1)
  5 ball pythons
  3 bats (D:1)
  A frilled lizard (D:2)
  A kobold (D:1)
  7 rats
44 creatures vanquished.

Notes
Turn   | Place    | Note
-------+----------+-------------------------------------------
     0 | D:1      | lonewolfV2 the Formicid Fighter began the quest for the
                  | Orb.
     0 | D:1      | Reached XP level 1. HP: 18/18 MP: 1/1
    55 | D:1      | Reached XP level 2. HP: 24/24 MP: 2/2
   657 | D:1      | Reached XP level 3. HP: 30/30 MP: 3/3
   705 | D:1      | Found a faded altar of an unknown god.
   883 | D:2      | Identified a scroll of acquirement
   885 | D:2      | Acquired 728 gold pieces
   941 | D:2      | Noticed Terence
   949 | D:2      | Killed Terence
   950 | D:2      | Reached XP level 4. HP: 37/37 MP: 4/4
  1586 | D:3      | Found a shimmering altar of Xom.
  1596 | D:3      | HP: 1/37 [crimson imp (2)]
  1597 | D:3      | Slain by a crimson imp

Illustrated notes

Levels and vault maps discovered:
D:1:      saegor_arrival_simple_e, layout_loops_corners,
          shapermc_ecumenical_altar_mp_vishouse
D:2:      layout_loops_ring, uniq_terence
D:3:      layout_basic, grunt_qazlal_sundering, tgw_fedhas, led_xom_imps,
          serial_shops, shop

Skill      XL: |  1  2  3  4 |
---------------+-------------+-----
Axes           | 3 |  3.1
Fighting       | |  3.9
Armour         | |  3.9
Dodging        | |  0.2
Shields        | |  4.3

Action                     |  1- 3 |  4- 6 || total
---------------------------+-------+-------++-------
  Melee: War axe           |    53 |    44 ||    97
    Use: Scroll            |     4 |     2 ||     6
 Armour: Scale mail        |    39 |    37 ||    76
         Skin              |       |     2 ||     2
  Dodge: Dodged            |    39 |    31 ||    70
  Block: Buckler           |    17 |    18 ||    35
         Form:             |       |     1 ||     1
         Maw               |       |     1 ||     1

Table legend: (Time is in decaauts)
 A = Elapsed time spent in this place.
 B = Non-inter-level travel time spent in this place.
 C = Inter-level travel time spent in this place.
 D = Time resting spent in this place.
 E = Time spent auto-exploring this place.
 F = Levels seen in this place.
 G = Mean time per level.
                   A        B        C        D        E       F      G
               +--------+--------+--------+--------+--------+-----+--------+
         Total |   1639 |   1598 |     41 |      0 |   1174 |   3 |  546.3 |
       Dungeon |   1639 |   1598 |     41 |      0 |   1174 |   3 |  546.3 |
               +--------+--------+--------+--------+--------+-----+--------+

Top non-repeatable levels by time:
     D:1: 895 daAuts
     D:2: 624 daAuts
     D:3: 120 daAuts
